 Dungeon Crawl Stone Soup version 0.30-a0-1114-gd936c97349 (webtiles) character file.

Game seed: 15703192467793037307

4318 cheesebisquit the Gusty (level 10, -1/88 HPs)
             Began as a Yellow Draconian Air Elementalist on Apr 19, 2023.
             Was a Follower of Vehumet.
             Slain by a skeletal warrior
             ... wielding a +0 dire flail
              (5 damage)
             ... on level 12 of the Dungeon on Apr 20, 2023.
             The game lasted 00:38:12 (12437 turns).

cheesebisquit the Gusty (DrAE)                     Turns: 12437, Time: 00:38:13

Health: -1/88      AC: 15    Str: 12    XL:     10   Next: 11%
Magic:  20/20      EV: 15    Int: 20    God:    Vehumet [*.....]
Gold:   523        SH:  0    Dex: 16    Spells: 5/22 levels left

rFire   + + .      SeeInvis .    c - +2 falchion of Sioffonira {freeze, rPois Str+2 Dex+4 Stlth-}
rCold   + + .      Faith    .    (no shield)
rNeg    + . .      Spirit   .    (body armour unavailable)
rPois   +          Reflect  .    d - +1 hat of Panentheism {rF+ rC+}
rElec   +          Rampage  .    w - +0 cloak
rCorr   +                        g - +0 pair of gloves
Will    .....                    s - +0 pair of boots Stlth
                                 (no amulet)
HPRegen 0.34/turn                m - ring of positive energy
MPRegen 0.17/turn                x - +4 ring of protection

@: mighty, silenced (expiring), resistant
A: spit acid, AC +7, unfitting armour, cold-blooded, acid resistance
a: Breathe Acid, Renounce Religion


You were on level 12 of the Dungeon.
You worshipped Vehumet.
Vehumet was aware of your devotion.
You visited 2 branches of the dungeon, and saw 11 of its levels.

You collected 523 gold pieces.

Inventory:

Hand Weapons
 b - a +0 rapier
 c - the +2 falchion of Sioffonira (weapon) {freeze, rPois Str+2 Dex+4 Stlth-}
   (You took it off an orc on level 4 of the Dungeon)

   Str:       It affects your strength (+2).
   Dex:       It affects your dexterity (+4).
   rPois:     It protects you from poison.
   Stlth:     It makes you less stealthy.
Missiles
 f - 2 boomerangs
 u - 17 poisoned darts
 v - 2 throwing nets
Armour
 a - a +0 kite shield
 d - the +1 hat of Panentheism (worn) {rF+ rC+}
   (You acquired it on level 4 of the Dungeon)

   rF:        It protects you from fire.
   rC:        It protects you from cold.
 g - a +0 pair of gloves (worn)
 s - a +0 pair of boots (worn)
 w - a +0 cloak (worn)
Jewellery
 m - a ring of positive energy (left hand)
 x - a +4 ring of protection (right hand)
Wands
 n - a wand of quicksilver (33)
 o - a wand of charming (10)
Scrolls
 e - a scroll of fog
 h - 2 scrolls of amnesia
 i - a scroll of fear {unknown}
 j - 3 scrolls of enchant weapon
 l - a scroll of magic mapping {unknown}
 p - 2 scrolls of vulnerability
 r - a scroll of silence
 t - a scroll of enchant armour {unknown}
 y - a scroll of torment {unknown}


   Skills:
 + Level 7.8 Fighting
 + Level 2.5 Long Blades
 + Level 6.8 Dodging
 - Level 1.7 Stealth
 + Level 6.9 Spellcasting
 - Level 1.0 Conjurations
 + Level 7.8 Air Magic


You had 5 spell levels left.
You knew the following spells:

 Your Spells              Type           Power      Damage    Failure   Level
a - Shock                 Conj/Air       96%        1d9       1%          1
b - Static Discharge      Conj/Air       48%        2-4/arc   2%          2
c - Swiftness             Air            38%        N/A       1%          3
d - Airstrike             Air            19%        2d(3-19)  3%          4
e - Storm Form            Tmut/Air       11%        N/A       100%        7

Your spell library contained the following spells:

 Spells                   Type           Power      Damage    Failure   Level
 Freeze                   Ice            24%        1d4       10%         1
 Blink                    Tloc           12%        N/A       14%         2
 Ensorcelled Hibernation  Hex/Ice        12%        N/A       14%         2
 Passwall                 Tmut/Erth      5%         N/A       14%         2
 Ozocubu's Armour         Ice            6%         N/A       28%         3
 Manifold Assault         Tloc           6%         N/A       67%         4
 Irradiate                Conj/Tmut      4%         3d13      91%         5
 Blade Hands              Tmut           3%         N/A       95%         5
 Metabolic Englaciation   Hex/Ice        3%         N/A       95%         5
 Simulacrum               Ice/Necr       3%         N/A       100%        6
 Dragon Form              Tmut           3%         N/A       100%        7


Dungeon Overview and Level Annotations

Branches:
Dungeon (9/15)             Temple (1/1) D:6            Lair (0/5) D:9
    Orc: D:9-12

Altars:
Ashenzari
Cheibriados
Dithmenos
Elyvilon
Fedhas
Gozag
Hepliaklqana
Kikubaaqudgha
Makhleb
Nemelex Xobeh
Okawaru
Qazlal
Ru
Sif Muna
Trog
Uskayaw
Vehumet
Wu Jian
Xom
Yredelemnul
The Shining One

Shops:
D:3 :   D:9 [*([

Annotations:
D:3 exclusion: downstairs
D:4 Duvessa


Innate Abilities, Weirdness & Mutations

You can spit globs of acid.
Your golden yellow scales are hard. (AC +7)
You cannot fit into any form of body armour.
You are cold-blooded and may be slowed by cold attacks.
You are resistant to acid. (rCorr)


Message History

The skeletal warrior moves out of view.
As you read the scroll labelled ANAETO LEMI, it crumbles to dust.
A profound silence engulfs you.
It was a scroll of silence.
The skeletal warrior attacks as you move away!
The skeletal warrior hits you with a +0 dire flail!!
You cannot cast spells when silenced!
Found a runed spear.
You see here a +1 spear of venom.
The skeletal warrior attacks as you move away!
The skeletal warrior closely misses you.
A wraith comes into view.
The skeletal warrior attacks as you move away!
The skeletal warrior hits you with a +0 dire flail!!
The skeletal warrior attacks as you move away!
The skeletal warrior hits you with a +0 dire flail!!
* * * LOW HITPOINT WARNING * * *
The skeletal warrior attacks as you move away!
The skeletal warrior barely misses you.
The skeletal warrior attacks as you move away!
The skeletal warrior hits you with a +0 dire flail!!
* * * LOW HITPOINT WARNING * * *
Magic scrolls do not work when you're silenced!
You feel better.
The skeletal warrior closely misses you.
You feel better.
The skeletal warrior hits you with a +0 dire flail!
* * * LOW HITPOINT WARNING * * *
You feel better.
The skeletal warrior closely misses you. x2
You feel better.
The skeletal warrior hits you from afar with a +2 vampiric halberd!
* * * LOW HITPOINT WARNING * * *
The skeletal warrior hits you but does no damage.
You feel protected.
The skeletal warrior hits you with a +0 dire flail!
* * * LOW HITPOINT WARNING * * *
It was a potion of might.
You feel very mighty all of a sudden.
The skeletal warrior hits you with a +0 dire flail.
You die...

#z#)#.#.#
#.#.#.#.#
#.#...#.#
#.#####.#
#.zz...z#
#.#####z#
#.# #W#
#.# #z#
#.# #@#
#.. #.#
### #.#
#.# #.#
#.# #.#
#.#


You could see 3 skeletal warriors and a wraith.

Vanquished Creatures
  Joseph (D:8)
  A komodo dragon (D:9)
  2 trolls (D:9)
  A wyvern (D:9)
  An acid dragon (D:9)
  A water moccasin (D:7)
  4 orc warriors
  3 black bears
  2 ice beasts
  4 ogres
  A kobold brigand (D:8)
  4 scorpions
  3 bullfrogs
  12 killer bees
  A howler monkey (D:4)
  4 hounds
  5 orc priests
  2 sleepcaps
  2 iguanas (D:6)
  3 orc wizards
  6 gnolls
  9 adders
  A shadow imp (D:6)
  2 ufetubi
  3 worms
  3 dart slugs
  22 orcs
  8 ball pythons
  7 bats
  3 endoplasms
  3 giant cockroaches
  9 goblins
  12 hobgoblins
  11 jackals
  3 quokkas
  4 frilled lizards (D:2)
  11 kobolds
  A rat (D:3)
175 creatures vanquished.

Vanquished Creatures (others)
  30 plants
30 creatures vanquished.

Grand Total: 205 creatures vanquished

Notes
Turn   | Place    | Note
-------+----------+-------------------------------------------
     0 | D:1      | cheesebisquit the Draconian Air Elementalist began the
                  | quest for the Orb.
     0 | D:1      | Reached XP level 1. HP: 14/14 MP: 3/3
   130 | D:1      | Reached XP level 2. HP: 8/22 MP: 0/5
   435 | D:1      | Reached skill level 1 in Fighting
  1023 | D:2      | Reached XP level 3. HP: 28/28 MP: 3/6
  1771 | D:2      | Reached XP level 4. HP: 36/36 MP: 1/7
  3086 | D:3      | Found a hide-covered altar of Uskayaw.
  3086 | D:3      | Found a shimmering blue altar of Sif Muna.
  3178 | D:3      | Found Wuimu's Book Emporium.
  3208 | D:3      | Reached XP level 5. HP: 39/42 MP: 3/9
  4044 | D:4      | Found a stormy altar of Qazlal.
  4075 | D:4      | Noticed Duvessa
  4349 | D:3      | Upgraded the game from 0.30-a0-1112-gfb780f5df6 to
                  | 0.30-a0-1114-gd936c97349
  4655 | D:4      | Identified the +2 falchion of Sioffonira {freeze, rPois
                  | Str+2 Dex+4 Stlth-}
  4841 | D:4      | Identified a scroll of acquirement
  4843 | D:4      | Acquired the +1 hat of Panentheism {rF+ rC+}
  5001 | D:4      | Learned a level 2 spell: Static Discharge
  5005 | D:4      | Learned a level 3 spell: Swiftness
  5010 | D:4      | Learned a level 4 spell: Airstrike
  5231 | D:5      | Entered Level 5 of the Dungeon
  5242 | D:5      | Reached XP level 6. HP: 46/51 MP: 1/11
  5344 | D:5      | Found an ornate altar of the Wu Jian Council.
  6080 | D:5      | Your scales start taking on a golden yellow colour.
  6080 | D:5      | Reached XP level 7. HP: 32/58 MP: 0/12
  6080 | D:5      | Gained mutation: You are resistant to acid. (rCorr) [Yellow
                  | Draconian growth]
  6813 | D:6      | Reached skill level 5 in Air Magic
  7317 | D:6      | Found a staircase to the Ecumenical Temple.
  7325 | Temple   | Entered the Ecumenical Temple
  7529 | Temple   | Became a worshipper of Vehumet
  8249 | D:7      | Reached XP level 8. HP: 44/67 MP: 7/15
  8257 | D:6      | Reached skill level 5 in Fighting
  8666 | D:7      | Reached skill level 5 in Spellcasting
  8733 | D:7      | Reached skill level 5 in Dodging
  8927 | D:7      | Found a bloodstained altar of Trog.
  9460 | D:7      | Found a bloodstained altar of Trog.
 10545 | D:8      | Noticed Joseph
 10559 | D:8      | Killed Joseph
 10560 | D:8      | Reached XP level 9. HP: 14/78 MP: 0/17
 10622 | D:8      | Reached * piety under Vehumet
 10622 | D:8      | Offered knowledge of Freeze by Vehumet.
 10771 | D:8      | Learned a level 7 spell: Storm Form
 11730 | D:9      | Reached skill level 1 in Long Blades
 11908 | D:9      | Noticed a komodo dragon
 11926 | D:9      | Killed a komodo dragon
 12034 | D:9      | Noticed a troll
 12040 | D:9      | Killed a troll
 12041 | D:9      | Reached XP level 10. HP: 88/88 MP: 10/20
 12158 | D:9      | Found a staircase to the Lair.
 12361 | D:9      | Found Qyrr's Weapon Shoppe.
 12370 | D:9      | Found Ryruih's Antique Armour Shoppe.
 12372 | D:9      | Found Fasic's Assorted Antiques.
 12383 | D:9      | Found Juenam's Antique Armour Shoppe.
 12395 | D:9      | You fall into a shaft and drop 3 floors!
 12403 | D:12     | Noticed a skeletal warrior
 12403 | D:12     | Noticed a skeletal warrior
 12403 | D:12     | Noticed a skeletal warrior
 12436 | D:12     | HP: 4/88 [skeletal warrior/+0 dire flail (14)]
 12437 | D:12     | Slain by a skeletal warrior

Illustrated notes

Levels and vault maps discovered:
D:1:      dpeg_arrival_rooms_with_view, layout_rooms
D:2:      layout_basic
D:3:      layout_loops_ring, gammafunk_temple_overflow_elements, serial_shops,
          shop, nicolae_figureground_pulse
D:4:      layout_loops_corners, mainiacjoe_overflow_paths, serial_forest,
          infiniplex_forest_straight_3, infiniplex_forest_straight_4,
          infiniplex_forest_lined_2, infiniplex_forest_zigzag_1,
          infiniplex_forest_straight_2, infiniplex_forest_end_2,
          infiniplex_forest_clump_small, infiniplex_forest_lined_room_2,
          dreamdust_princess_corridor, uniq_duvessa
D:5:      black_bear_nest_1, layout_rooms, nzn_wu_jian_contemplation
D:6:      layout_loops_ring, minmay_temple_entry_proselytizer
D:7:      layout_basic, trog_antimagical
D:8:      layout_rooms, uniq_joseph
D:9:      layout_roguey, david_lair_shrubbed, minmay_misc_feat_chi,
          minmay_shop_grid_forest
D:12:     layout_roguey, erik_orc_1, minmay_misc_feat_room, roderic_lattice_a,
          nicolae_zen_rock_garden
Temple:   nicolae_temple_slightly_damp_pantheon

Skill      XL: |  1  2  3  4  5  6  7  8  9 |
---------------+----------------------------+-----
Dodging        | 2 3 4 5 6 |  6.8
Fighting       | 1 2 3 4 6 7 |  7.8
Spellcasting   | 3 4 5 6 |  6.9
Air Magic      | 4 5 6 7 |  7.8
Long Blades    | 2 |  2.5
Stealth        | |  1.7
Conjurations   | |  1.0

Action                     |  1- 3 |  4- 6 |  7- 9 | 10-12 || total
---------------------------+-------+-------+-------+-------++-------
  Melee: Rapier            |    25 |    15 |       |       ||    40
         Tailslap          |     3 |     4 |     4 |       ||    11
         Unarmed           |     2 |       |       |       ||     2
         Punch             |     1 |       |       |       ||     1
         Falchion          |       |     9 |    51 |     4 ||    64
   Cast: Shock             |    89 |   190 |   286 |     3 ||   568
         Airstrike         |       |       |    11 |     6 ||    17
    Use: Potion            |     1 |     3 |     6 |     6 ||    16
         Scroll            |       |     6 |     5 |     2 ||    13
 Armour: Skin              |    16 |    60 |    89 |     5 ||   170
  Dodge: Dodged            |    21 |    92 |   248 |    13 ||   374

Table legend: (Time is in decaauts)
 A = Elapsed time spent in this place.
 B = Non-inter-level travel time spent in this place.
 C = Inter-level travel time spent in this place.
 D = Time resting spent in this place.
 E = Time spent auto-exploring this place.
 F = Levels seen in this place.
 G = Mean time per level.
                   A        B        C        D        E       F      G
               +--------+--------+--------+--------+--------+-----+--------+
         Total |  12473 |  11935 |    538 |    863 |   9586 |  11 | 1133.9 |
       Dungeon |  12249 |  11737 |    512 |    863 |   9407 |  10 | 1224.9 |
        Temple |    223 |    197 |     26 |      0 |    179 |   1 |  223.0 |
               +--------+--------+--------+--------+--------+-----+--------+

Top non-repeatable levels by time:
     D:7: 2164 daAuts
     D:4: 1879 daAuts
     D:2: 1454 daAuts
     D:6: 1393 daAuts
     D:3: 1288 daAuts
     D:8: 1171 daAuts
     D:5: 1064 daAuts
     D:1: 1031 daAuts
     D:9: 760 daAuts
  Temple: 223 daAuts
    D:12: 41 daAuts
